 Dungeon Crawl Stone Soup version v3.33-hellcrawl-189-gd9da4bb (webtiles) character file.

4419 tatters the Jinx (level 11, -14/97 HPs)
             Began as a Naga Wanderer on Oct 13, 2017.
             Was an Elder of Elyvilon.
             Demolished by a two-headed ogre
             ... wielding a +0 giant club
              (20 damage)
             ... on level 10 of the Dungeon on Oct 14, 2017.
             The game lasted 00:31:41 (11848 turns).

tatters the Jinx (Naga Wanderer)                   Turns: 11848, Time: 00:31:42

Health: -14/97     AC: 18 (14%)Str: 20  XL:     11   Next: 92%
Magic:  15/17      EV:  7    Int: 10    God:    Elyvilon [4*[108]]
Gold:   859        SH:  0    Dex: 11    Spells: 1/11 levels left

rFire    . . .     SeeInvis +     - Unarmed
rCold    . . .     Faith    .   (no shield)
rNeg     . . .     Spirit   .   q - +0 leather armour of the Vacuum {Regen+ rCorr}
rPois    +         Reflect  .   h - +0 helmet
rElec    .                      (no cloak)
rCorr    +                      y - +0 pair of gloves
MR       ++...                  w - +4 naga barding
Stlth    +++.......             (no amulet)
Regen    0.7/turn               j - +3 ring of protection
MPRegen  0.3/turn               f - ring of protection from magic

@: protection, very slow
A: see invisible, deformed body, poison resistance, slowness 2, slow metabolism
1, spit poison 1, AC +3
a: Spit Poison, Lesser Healing, Heal Other, Purification, Greater Healing,
Divine Protection, Renounce Religion


You were on level 10 of the Dungeon.
You worshipped Elyvilon.
Elyvilon was greatly pleased with you.
You were not hungry.

You visited 1 branch of the dungeon, and saw 10 of its levels.
You also visited: Bailey.

You collected 859 gold pieces.

Inventory:

Hand Weapons
 d - a +0 spear
 k - a +4 halberd
 m - a +1 dagger of venom
Missiles
 g - 2764 stones
 i - 189 poisoned darts
 l - 90 javelins (quivered)
 o - 901 arrows
 r - 2 javelins of dispersal
 v - 273 bolts
 G - 109 tomahawks
Armour
 e - a +0 robe
 h - a +0 helmet (worn)
 q - the +0 leather armour of the Vacuum (worn) {Regen+ rCorr}
   (You found it on level 5 of the Dungeon)

   It increases your rate of regeneration.
   It protects you from acid and corrosion.
 w - a +4 naga barding (worn)
 y - a +0 pair of gloves (worn)
Magical Staves
 z - an uncursed staff of cold
 D - an uncursed staff of air
Jewellery
 f - a ring of protection from magic (right hand)
 j - a +3 ring of protection (left hand)
 p - a +3 ring of dexterity
 E - a +3 ring of protection
Wands
 F - a wand of polymorph (10)
Scrolls
 s - 5 scrolls of teleportation
 A - a scroll of amnesia
 B - a scroll of enchant armour
 H - a scroll of enchant weapon
 I - a scroll of magic mapping
Potions
 a - 3 potions of flight
 b - 3 potions of heal wounds
 c - 3 potions of curing
 t - a potion of cancellation
 u - 3 potions of augmentation
 x - a potion of mutation
Miscellaneous
 n - a phial of floods


   Skills:
 - Level 6.2 Fighting
 - Level 1.0 Polearms
 - Level 1.0 Throwing
 - Level 6.0 Stealth
 - Level 11.3 Unarmed Combat
 + Level 0.5 Spellcasting
 - Level 13.9 Hexes
 + Level 0.2 Translocations
 + Level 0.2 Air Magic
 - Level 8.6 Invocations


You had one spell level left.
You knew the following spells:

 Your Spells              Type           Power        Failure   Level  Hunger
a - Cause Fear            Hex            28 (200)     1%          4    #####..
b - Blink                 Tloc           N/A          52%         2    ###....
c - Silence               Hex/Air        14 (200)     24%         4    #####..


Dungeon Overview and Level Annotations

Branches:
Dungeon (10/15)

Altars:
Cheibriados
Dithmenos
Elyvilon
Gozag
Hepliaklqana
Kikubaaqudgha
Makhleb
Nemelex Xobeh
Okawaru
Qazlal
Ru
Sif Muna
Trog
Uskayaw
Vehumet
Xom
Yredelemnul
Zin
The Shining One


Innate Abilities, Weirdness & Mutations

You cannot wear boots.
Your serpentine skin is tough. (AC +3)
You have supernaturally acute eyesight. (SInv)
Armour fits poorly on your strangely shaped body.
Your system is resistant to poisons. (rPois)
You cover ground very slowly.
You have a slow metabolism.
You can spit poison.


Message History

You are no longer corroded.
A two-headed ogre comes into view. It is wielding two +0 giant clubs.
The two-headed ogre hits you with a +0 giant club (14)! x2
You hit the two-headed ogre but do no damage.
The two-headed ogre hits you but does no damage.
The two-headed ogre hits you with a +0 giant club (18)!!
You punch the two-headed ogre (15)!
The two-headed ogre is moderately wounded.
The two-headed ogre hits you with a +0 giant club (19)!!
The two-headed ogre hits you with a +0 giant club (16)!
* * * LOW HITPOINT WARNING * * *
You are too injured to fight recklessly!
You beseech Elyvilon to protect your life.
Press: ? - help, Dir - move target cursor, f - two-headed ogre Heal: a two-headed ogre, wielding two +0 giant clubs (moderately wounded)
The light of Elyvilon fails to reach the two-headed ogre.
The two-headed ogre hits you with a +0 giant club (12)!
* * * LOW HITPOINT WARNING * * *
The two-headed ogre hits you with a +0 giant club (20)!!
You die...

.........#
######...#
#...#
#...#
#...#
#...#
#...#
#...#
+.@.#
#.O.#
#...#
##..# #..#
#..# #..#
#..#


You could see a two-headed ogre.

Vanquished Creatures
  A yaktaur captain (D:9)
  3 ogre magi (D:9)
  A deep elf archer (D:9)
  A cyclops (D:9)
  A manticore (D:8)
  A deep elf mage (D:9)
  A freezing wraith (D:9)
  A troll (D:9)
  A wyvern (D:7)
  An angry ghost (D:9)
  3 spiny frog zombies
  A water moccasin (D:7)
  2 spiny frog skeletons (D:7)
  2 ice beasts
  A phantom (D:9)
  A black bear (D:7)
  10 orc warriors
  5 ogres
  13 centaurs
  2 bullfrogs
  A wyvern zombie (D:8)
  2 water moccasin zombies
  5 scorpions
  A crimson imp (D:8)
  7 wights
  3 howler monkeys (D:8)
  A centaur zombie (D:5)
  2 quasits
  3 orc priests
  A bullfrog skeleton (D:7)
  3 centaur skeletons
  A hound (D:9)
  4 jellies
  Natasha (D:4)
  9 worker ants
  6 orc wizards
  3 iguanas
  A killer bee zombie (D:6)
  A hound skeleton (D:6)
  2 howler monkey skeletons (D:4)
  6 adders
  12 gnolls
  A shadow imp (D:7)
  An ooze (D:2)
  An adder skeleton (D:4)
  A dart slug (D:3)
  45 orcs
  8 quokkas
  5 giant cockroaches
  9 goblins
  12 hobgoblins
  13 jackals
  A ball python (D:3)
  11 bats
  6 frilled lizards
  10 kobolds
  5 rats
  A spectral orc (D:7)
257 creatures vanquished.

Vanquished Creatures (others)
  A centaur (D:8)
  A gnoll sergeant (D:8)
  A wyvern skeleton (D:7)
  A hound skeleton (D:7)
  A gnoll (D:8)
  2 orcs
7 creatures vanquished.

Grand Total: 264 creatures vanquished

Notes
Turn   | Place    | Note
-------+----------+-------------------------------------------
     0 | D:1      | tatters the Naga Wanderer began the quest for the Orb.
     0 | D:1      | tatters set off with: a scroll of fear, a potion of heal wounds, a potion of curing, a +0 spear, a +0 robe
     0 | D:1      | Reached XP level 1. HP: 22/22 MP: 1/1
   313 | D:1      | Reached XP level 2. HP: 26/30 MP: 2/2
   868 | D:1      | Reached XP level 3. HP: 36/36 MP: 3/3
  1342 | D:2      | Reached XP level 4. HP: 11/44 MP: 4/4
  1772 | D:2      | Reached skill level 5 in Unarmed Combat
  1814 | D:2      | Found a faded altar of an unknown god.
  1876 | D:2      | Found a hazy altar of Hepliaklqana.
  1953 | D:2      | Found a white marble altar of Elyvilon.
  1961 | D:2      | Became a worshipper of Elyvilon the Healer
  2331 | D:2      | Found a shadowy altar of Dithmenos.
  2587 | D:3      | Reached XP level 5. HP: 50/50 MP: 5/5
  2879 | D:3      | Found an ancient bone altar of Kikubaaqudgha.
  3238 | D:3      | Reached XP level 6. HP: 57/57 MP: 6/6
  3292 | D:3      | Found a snail-covered altar of Cheibriados.
  3535 | D:3      | Found an iron altar of Okawaru.
  3743 | D:3      | Reached * piety under Elyvilon
  4098 | D:4      | Reached XP level 7. HP: 36/64 MP: 7/7
  4465 | D:4      | Noticed Natasha
  4475 | D:4      | Killed Natasha
  4667 | D:4      | Reached skill level 1 in Invocations
  5448 | D:4      | Reached ** piety under Elyvilon
  5457 | D:4      | Found a bloodstained altar of Trog.
  5520 | D:4      | Found a glowing golden altar of the Shining One.
  5619 | D:5      | Entered Level 5 of the Dungeon
  5822 | D:5      | Reached XP level 8. HP: 71/73 MP: 8/10
  5829 | D:5      | Got the +0 leather armour of the Vacuum {Regen+ rCorr}
  5908 | D:5      | Reached skill level 5 in Fighting
  6206 | D:5      | Got the Almanac of Unstable Stones
  6319 | D:5      | Found a shimmering altar of Xom.
  6619 | D:6      | Reached *** piety under Elyvilon
  6687 | D:6      | Found a deep blue altar of Sif Muna.
  6715 | D:6      | Reached skill level 5 in Stealth
  6811 | D:6      | Found a shadowy altar of Dithmenos.
  6855 | D:6      | Reached XP level 9. HP: 77/82 MP: 12/12
  7016 | D:6      | Found a radiant altar of Vehumet.
  7086 | D:6      | Found a glowing silver altar of Zin.
  7089 | D:6      | Found a sparkling altar of Nemelex Xobeh.
  7092 | D:6      | Found a hide-covered altar of Uskayaw.
  7332 | D:7      | Found an opulent altar of Gozag.
  7439 | D:7      | Found a white marble altar of Elyvilon.
  7456 | D:7      | Found a burning altar of Makhleb.
  7521 | D:7      | Found a sacrificial altar of Ru.
  7532 | D:7      | Reached skill level 10 in Unarmed Combat
  7559 | D:7      | Reached **** piety under Elyvilon
  7624 | D:7      | Found a stormy altar of Qazlal.
  7936 | D:7      | Found a basalt altar of Yredelemnul.
  8070 | D:8      | Found a flagged portal.
  8091 | D:8      | Reached skill level 5 in Invocations
  8219 | Bailey   | Entered a bailey
  8317 | Bailey   | Reached XP level 10. HP: 72/91 MP: 14/14
  9543 | D:8      | Noticed a manticore
  9557 | D:8      | Killed a manticore
  9557 | D:8      | Reached skill level 4 in Hexes
  9568 | D:8      | Noticed Erica
  9572 | D:8      | Pacified Erica
  9572 | D:8      | Reached skill level 6 in Hexes
  9747 | D:8      | Reached skill level 7 in Hexes
  9773 | D:8      | Reached skill level 8 in Hexes
  9774 | D:8      | Noticed a two-headed ogre
  9780 | D:8      | Pacified a two-headed ogre
  9790 | D:8      | Reached skill level 9 in Hexes
  9998 | D:8      | Reached XP level 11. HP: 95/97 MP: 17/17
 10006 | D:8      | Learned a level 4 spell: Cause Fear
 10347 | D:9      | Reached skill level 10 in Hexes
 10595 | D:9      | Noticed a purple ugly thing
 10614 | D:9      | Pacified a purple ugly thing
 10890 | D:9      | Reached skill level 11 in Hexes
 11381 | D:9      | Noticed a deep elf mage
 11396 | D:9      | Noticed a cyclops
 11397 | D:9      | Killed a deep elf mage
 11490 | D:9      | Killed a cyclops
 11490 | D:9      | Reached skill level 12 in Hexes
 11501 | D:9      | Noticed an ogre mage
 11505 | D:9      | Killed an ogre mage
 11518 | D:9      | Noticed a nine-headed hydra
 11535 | D:9      | Pacified a nine-headed hydra
 11624 | D:9      | Noticed an ogre mage
 11631 | D:9      | Noticed a deep elf archer
 11634 | D:9      | Reached skill level 13 in Hexes
 11637 | D:9      | Noticed a yaktaur captain
 11645 | D:9      | Killed a deep elf archer
 11647 | D:9      | Killed an ogre mage
 11652 | D:9      | Killed a yaktaur captain
 11662 | D:9      | Noticed an ogre mage
 11676 | D:9      | Killed an ogre mage
 11692 | D:9      | Learned a level 2 spell: Blink
 11697 | D:9      | Learned a level 4 spell: Silence
 11765 | D:10     | Entered Level 10 of the Dungeon
 11839 | D:10     | Noticed a two-headed ogre
 11848 | D:10     | Demolished by a two-headed ogre

Skill      XL: |  1  2  3  4  5  6  7  8  9 10 11 |
---------------+----------------------------------+-----
Unarmed Combat | 4 5 6 7 8 11 | 11.3
Invocations    | 2 4 5 8 |  8.6
Stealth        | 2 5 6 |  6.0
Fighting       | 6 |  6.2
Hexes          | 9 13 | 13.9
Polearms       | |  1.0
Throwing       | |  1.0
Spellcasting   | |  0.5
Translocations | |  0.2
Air Magic      | |  0.2

Action                   |  1- 3 |  4- 6 |  7- 9 | 10-12 || total
-------------------------+-------+-------+-------+-------++-------
Melee: Unarmed           |    97 |   193 |   372 |   304 ||   966
       Spear             |     4 |       |       |       ||     4
       Punch             |     1 |     5 |    16 |    25 ||    47
Throw: Curare dart       |       |     1 |       |     7 ||     8
       Stone             |       |       |     2 |       ||     2
       Javelin           |       |       |     4 |    81 ||    85
       Frenzy dart       |       |       |     1 |     5 ||     6
       Poisoned dart     |       |       |     1 |     3 ||     4
Invok: Lesser Healing    |       |       |     5 |     8 ||    13
       Heal Other        |       |       |     3 |    22 ||    25
       Greater Healing   |       |       |     1 |     1 ||     2
       Divine Protection |       |       |       |     1 ||     1
 Abil: Spit Poison       |    13 |    18 |    21 |     2 ||    54
  Use: Scroll            |     1 |       |     1 |     2 ||     4
       Potion            |       |       |     3 |     2 ||     5
 Stab: Sleeping          |     2 |     4 |     6 |     4 ||    16
       Distracted        |       |     1 |       |     1 ||     2
       Invisible         |       |       |     3 |       ||     3
       Paralysed         |       |       |     2 |       ||     2
Armor: Robe              |    37 |    59 |    20 |       ||   116
       Leather armour    |       |       |   157 |   164 ||   321
       Skin              |       |       |       |     3 ||     3
Dodge: Dodged            |    64 |    87 |   191 |    97 ||   439
